 Seeded DCSS version 0.29.1-13-g9f3cf754e1 (webtiles) character file.

Game seed: 16245865983455551772 (custom seed)

176 OTABOTABOTAB the Caller (level 5, -6/33 HPs)
             Began as an Octopode Summoner on Jan 28, 2023.
             Killed from afar by Natasha (8 damage)
             ... with a magic dart
             ... on level 3 of the Dungeon.
             The game lasted 00:04:04 (3003 turns).

OTABOTABOTAB the Caller (Octopode Summoner)         Turns: 3003, Time: 00:04:04

Health: -6/33      AC:  1    Str:  7    XL:     5   Next: 56%
Magic:  4/10       EV: 13    Int: 32    God:
Gold:   138        SH:  0    Dex: 12    Spells: 1/10 levels left

rFire   . . .      SeeInvis .   b - +0 dagger
rCold   . . .      Faith    .   (no shield)
rNeg    . . .      Spirit   .   (helmet restricted)
rPois   .          Reflect  .   (no amulet)
rElec   .          Harm     .   I - +6 ring of intelligence
rCorr   .          Rampage  .   h - +6 ring of intelligence
Will    .....                   (no ring)
Stlth   +++.......              (no ring)
HPRegen 0.11/turn               (no ring)
MPRegen 0.12/turn               (no ring)
                                (no ring)
                                (no ring)

@: flying
A: almost no armour, amphibious, 8 rings, camouflage 1, gelatinous body 1,
(nimble swimmer 1), tentacles
a: no special abilities


You were on level 3 of the Dungeon.
You visited 1 branch of the dungeon, and saw 3 of its levels.

You collected 138 gold pieces.

Inventory:

Hand Weapons
 a - a +0 sling
   (You found it on level 1 of the Dungeon)
 b - a +0 dagger (weapon)
   (You found it on level 1 of the Dungeon)
Missiles
 f - 6 poisoned darts
 s - 28 stones
Jewellery
 h - a +6 ring of intelligence (right tentacle)
   (You found it on level 1 of the Dungeon)
 o - an amulet of regeneration
   (You found it on level 3 of the Dungeon)
 I - a +6 ring of intelligence (left tentacle)
   (You found it on level 1 of the Dungeon)
Wands
 m - a wand of roots (4)
   (You found it on level 3 of the Dungeon)
Scrolls
 c - 3 scrolls of acquirement {unknown}
 g - 2 scrolls of teleportation {unknown}
 j - a scroll of summoning {unknown}
 k - 3 scrolls of identify {unknown}
 l - a scroll of enchant weapon {unknown}
 n - a scroll of noise {unknown}
Potions
 d - a potion of might {unknown}
 i - a potion of lignification {unknown}
 L - a potion of flight
 M - a potion of magic


   Skills:
 + Level 1.1 Fighting
 + Level 2.4 Dodging
 - Level 2.6 Stealth
 + Level 3.4 Spellcasting
 + Level 1.3 Hexes
 + Level 5.1 Summonings


You had one spell level left.
You knew the following spells:

 Your Spells              Type           Power      Damage    Failure   Level
a - Summon Small Mammal   Summ           100%       N/A       1%          1
b - Call Canine Familiar  Summ           38%        N/A       2%          3
c - Call Imp              Summ           38%        N/A       1%          2
d - Summon Guardian Gole  Hex/Summ       26%        N/A       4%          3

Your spell library contained the following spells:

 Spells                   Type           Power      Damage    Failure   Level
 Sting                    Tmut/Pois      20%        1d4       6%          1
 Poisonous Vapours        Pois/Air       10%        N/A       9%          2
 Summon Lightning Spire   Summ/Air       21%        N/A       22%         4
 Olgreb's Toxic Radiance  Pois           5%         N/A       52%         4
 Chain Lightning          Conj/Air       2%         3d3       100%        9
 Fire Storm               Conj/Fire      2%         8d1       100%        9
 Shatter                  Erth           2%         3d6*      100%        9


Dungeon Overview and Level Annotations

Branches:
Dungeon (3/15)

Altars:

Shops:
D:3 [

Annotations:
D:3 Natasha


Innate Abilities, Weirdness & Mutations

You cannot wear most types of armour.
You are amphibious.
You can wear up to eight rings at the same time.
Your skin changes colour to match your surroundings (Stealth+).
Your rubbery body absorbs attacks. (AC +1, EV +1)
((You are camouflaged when in or above water. (Stealth+)))
You have tentacles for arms and can constrict up to eight enemies at once.


Message History

r - Retreat! s - Stop attacking. g - Guard the area. f - Follow me.
Anything else - Cancel.
Gang up on whom?
Aim: an adder (ally target) Attack!
You feel sick. The adder barely misses you.
Your wolf bites the white imp but does no damage.
Natasha closely misses your white imp.
Your white imp misses the adder.
The white imp closely misses you.
You take 2 damage, and have 12/33 hp.
What are your orders? t - Shout!
Orders for allies: a - Attack new target. p - Attack previous target. r - Retreat! s - Stop attacking. g - Guard the area. f - Follow me.
Anything else - Cancel.
Gang up on whom?
Aim: an adder (ally target) Attack!
You feel sick.
Your wolf bites the white imp.
The white imp dies!
The white imp disappears in a puff of smoke!
The adder barely misses you. The ball python bites you.
The ball python closely misses you. Natasha barely misses your white imp.
The adder bites you.
* * * LOW HITPOINT WARNING * * *
Your white imp gestures at the adder.
The puff of frost hits the adder!
Your rat bites the ball python.
You take 4 damage, and have 8/33 hp.
What are your orders? t - Shout!
Orders for allies: a - Attack new target. p - Attack previous target. r - Retreat! s - Stop attacking. g - Guard the area. f - Follow me.
Anything else - Cancel.
Gang up on whom?
Aim: an adder (almost dead, not watching you, ally target) Attack!
You feel sick.
Your wolf closely misses the adder.
The ball python closely misses your rat.
The ball python misses your rat.
The adder closely misses your white imp.
Natasha casts a spell at you. The magic dart hits your white imp.
Your white imp dies!
Your white imp disappears in a puff of smoke!
Your wolf bites the adder but does no damage.
Your rat misses the ball python.
You take 1 damage, and have 7/33 hp.
What are your orders? t - Shout!
Orders for allies: a - Attack new target. p - Attack previous target. r - Retreat! s - Stop attacking. g - Guard the area. f - Follow me.
Anything else - Cancel.
Gang up on whom?
Aim: an adder (almost dead, not watching you, ally target) Attack!
You feel sick.
Your wolf misses the adder. The ball python barely misses your rat.
The ball python closely misses your rat.
The adder misses your wolf.
Your rat closely misses the ball python.
You take 1 damage, and have 6/33 hp.
What are your orders? t - Shout!
Orders for allies: a - Attack new target. p - Attack previous target. r - Retreat! s - Stop attacking. g - Guard the area. f - Follow me.
Anything else - Cancel.
Gang up on whom?
Aim: an adder (almost dead, not watching you, ally target) Attack!
You feel sick.
You are no longer poisoned.
Your wolf bites the adder!
The adder dies!
The ball python bites your rat.
Your rat dies!
Your rat's corpse disappears in a puff of smoke!
Your wolf bites the ball python!
The ball python dies!
You take 1 damage, and have 5/33 hp.
What are your orders? t - Shout!
Orders for allies: a - Attack new target. r - Retreat! s - Stop attacking. g - Guard the area. f - Follow me.
Anything else - Cancel.
Gang up on whom?
Aim: Natasha (moderately wounded) Attack!
Your wolf barely misses Natasha.
Natasha claws you.
* * * LOW HITPOINT WARNING * * *
Your wolf misses Natasha.
You take 3 damage, and have 2/33 hp.
Unknown command.
It was a potion of flight.
You feel very buoyant.
You fly up into the air.
L - a potion of flight Your wolf bites Natasha!
Natasha stares at you and mumbles some strange words.
The magic dart hits you!
You die...

.#...###.# # .#...#
#.########### ####
.#...# #.#.........#
#... .#...#
#.#.........# #...
.#...# #.#.........#
#.[.
.....###.'.........#
#...
.........#.........#
#..†
##########.........#
#### .# #.....§@h§#
#. .# ####+##.hr.#
#. .# #...§# #.
.....# ### ......#
#.. ........# #..
.......... #..
........##P #.. #..


You could see Natasha (ally target), a rat and a friendly wolf (summoned).

Vanquished Creatures
  2 orcs (D:3)
  2 endoplasms (D:1)
  A goblin (D:1)
  A quokka (D:1)
6 creatures vanquished.

Vanquished Creatures (collateral kills)
  An orc priest (D:3)
  Jessica (D:2)
  2 orc wizards (D:3)
  2 adders
  3 orcs (D:3)
  5 ball pythons
  3 bats
  3 endoplasms
  A goblin (D:1)
  6 hobgoblins
  4 kobolds
  2 quokkas (D:1)
  3 frilled lizards
  5 rats
41 creatures vanquished.

Grand Total: 47 creatures vanquished

Notes
Turn   | Place    | Note
-------+----------+-------------------------------------------
     0 | D:1      | OTABOTABOTAB the Octopode Summoner began the quest for the
                  | Orb.
     0 | D:1      | Reached XP level 1. HP: 11/11 MP: 3/3
    82 | D:1      | Reached XP level 2. HP: 17/17 MP: 5/5
    85 | D:1      | Learned a level 2 spell: Call Imp
   142 | D:1      | Found a faded altar of an unknown god.
  1163 | D:1      | Reached XP level 3. HP: 21/21 MP: 3/6
  1325 | D:1      | Learned a level 3 spell: Call Canine Familiar
  1805 | D:2      | Noticed Jessica
  1823 | D:2      | Killed Jessica
  1824 | D:2      | Reached skill level 3 in Spellcasting
  1824 | D:2      | Reached XP level 4. HP: 18/27 MP: 5/8
  1828 | D:2      | Learned a level 3 spell: Summon Guardian Golem
  2583 | D:3      | Found Ymmy Ciutu's Antique Armour Shoppe.
  2754 | D:3      | Reached skill level 1 in Hexes
  2754 | D:3      | Reached skill level 5 in Summonings
  2754 | D:3      | Reached XP level 5. HP: 32/32 MP: 6/9
  2787 | D:3      | Reached skill level 1 in Fighting
  2985 | D:3      | Noticed Natasha
  2998 | D:3      | HP: 8/33 [adder (2)]
  3002 | D:3      | HP: 2/33 [Natasha (4)]
  3003 | D:3      | Killed from afar by Natasha

Illustrated notes

Levels and vault maps discovered:
D:1:      minmay_arrival_hallway, layout_loops_corners, basic_ecumenical_altar,
          minmay_unequal
D:2:      layout_loops_ring, uniq_jessica
D:3:      layout_basic, serial_shops, nicolae_shop_advertising_works
          [nicolae_subvault_shop_adworks], minmay_shallow_snake_nest,
          uniq_natasha

Skill      XL: |  1  2  3  4  5 |
---------------+----------------+-----
Spellcasting   | 3 |  3.4
Hexes          | 1 |  1.3
Summonings     | 5 |  5.1
Fighting       | 1 |  1.1
Dodging        | |  2.4
Stealth        | |  2.6

Action                   |  1- 3 |  4- 6 || total
-------------------------+-------+-------++-------
Melee: Dagger            |     1 |     6 ||     7
       Constrict         |     1 |     2 ||     3
       Tentacles         |       |     3 ||     3
 Fire: Sling             |     8 |       ||     8
 Cast: Summon Small Mamm |    10 |     6 ||    16
       Call Imp          |    10 |     2 ||    12
       Call Canine Famil |     4 |     7 ||    11
  Use: Potion            |       |     1 ||     1
Armor: Skin              |       |     1 ||     1
Dodge: Dodged            |     5 |     9 ||    14

Table legend: (Time is in decaauts)
 A = Elapsed time spent in this place.
 B = Non-inter-level travel time spent in this place.
 C = Inter-level travel time spent in this place.
 D = Time resting spent in this place.
 E = Time spent auto-exploring this place.
 F = Levels seen in this place.
 G = Mean time per level.
                   A        B        C        D        E       F      G
               +--------+--------+--------+--------+--------+-----+--------+
         Total |   3003 |   2899 |    104 |      0 |   2491 |   3 | 1001.0 |
       Dungeon |   3003 |   2899 |    104 |      0 |   2491 |   3 | 1001.0 |
               +--------+--------+--------+--------+--------+-----+--------+

Top non-repeatable levels by time:
     D:1: 1374 daAuts
     D:2: 905 daAuts
     D:3: 723 daAuts

Table legend:
 A = Kills in this place as a percentage of kills in entire the game.
 B = Kills by you in this place as a percentage of kills by you in the entire game.
 C = Kills by friends in this place as a percentage of kills by friends in the entire game.
 D = Other kills in this place as a percentage of other kills in the entire game.
 E = Experience gained in this place as a percentage of experience gained in the entire game.
 F = Experience gained in this place divided by the number of levels of this place that you have seen.
                   A       B       C       D       E      F
               +-------+-------+-------+-------+-------+----------------------
         Total | 100.0 | 100.0 | 100.0 |   N/A | 100.0 |  84.0
       Dungeon | 100.0 | 100.0 | 100.0 |   N/A | 100.0 |  84.0
               +-------+-------+-------+-------+-------+----------------------
